 Dungeon Crawl Stone Soup version 0.17.2-1-ge4368a0 (webtiles) character file.

70 Goblin1989 the Ducker (level 4, -1/22 HPs)
             Began as a Spriggan Transmuter on Aug 19, 2016.
             Killed by nerve-wracking pain
             ... invoked by an orc priest
              (13 damage)
             ... on level 3 of the Dungeon.
             The game lasted 00:16:47 (1461 turns).

Goblin1989 the Ducker (Spriggan Transmuter)         Turns: 1461, Time: 00:16:48

Health: -1/22      AC:  3    Str:  6    XL:     4   Next: 3%
Magic:  10/18      EV: 19    Int: 14    God:
Gold:   62         SH:  0    Dex: 17    Spells: 2 memorised, 6 levels left

rFire  . . .     SeeInvis +     p - +2 quarterstaff (chaos)
rCold  . . .     Clarity  .     b - +0 robe
rNeg   . . .     SustAt   .     (shield currently unavailable)
rPois  .         Gourm    .     (helmet restricted)
rElec  .         Spirit   .     q - +0 cloak
rCorr  .         Warding  .     (gloves unavailable)
rMut   .         Stasis   .     (boots unavailable)
MR     .....                    (no amulet)
Stlth  ++........               (no ring)
                                h - ring of magical power

@: very slightly contaminated, very quick, not resistant to hostile
enchantments, unstealthy
A: unfitting armour, see invisible, herbivore 3, speed 3, slow metabolism 2
a: no special abilities


You were on level 3 of the Dungeon.
You were not hungry.

You visited 1 branch of the dungeon, and saw 3 of its levels.

You collected 62 gold pieces.

Inventory:

Hand Weapons
 l - a +0 dagger of holy wrath
 p - a +2 quarterstaff of chaos (weapon)
Missiles
 a - 41 arrows
 k - 64 stones (quivered)
 r - 7 poisoned needles
Armour
 b - a +0 robe (worn)
 q - a +0 cloak (worn)
Jewellery
 h - a ring of magical power (left hand)
Scrolls
 e - 2 scrolls of remove curse {unknown}
 f - 2 scrolls of amnesia {unknown}
 g - a scroll of fog {unknown}
 j - a scroll of recharging {unknown}
 m - a scroll of identify {unknown}
 n - 2 scrolls of enchant armour {unknown}
 s - a scroll of noise {unknown}
Potions
 i - a potion of cure mutation {unknown}
 t - a potion of resistance {unknown}
 u - a potion of cancellation {unknown}
 v - a potion of mutation {unknown}
Books
 c - a book of Changes

   Spells                             Type                      Level
   a - Beastly Appendage              Transmutation                1
   b - Sticks to Snakes               Transmutation                2
   c - Spider Form                    Transmutation/Poison         3
   d - Ice Form                       Ice/Transmutation            4
   e - Blade Hands                    Transmutation                5
Comestibles
 d - 5 bread rations
 o - 5 fruits


   Skills:
 * Level 1.3 Fighting
 + Level 3.6 Dodging
 + Level 1.4 Stealth
 - Level 3.0 Unarmed Combat
 + Level 3.1 Spellcasting
 * Level 3.5 Transmutations


You had 6 spell levels left.
You knew the following spells:

 Your Spells              Type           Power        Failure   Level  Hunger
a - Beastly Appendage     Trmt           ##....       6%          1    #......
b - Sticks to Snakes      Trmt           ##........   10%         2    ##.....


Dungeon Overview and Level Annotations

Branches:
Dungeon (3/15)

Altars:
Elyvilon


Innate Abilities, Weirdness & Mutations

You are tiny and cannot use many weapons and most armour.
You have supernaturally acute eyesight.
You are a herbivore.
You cover ground extremely quickly.
You need consume almost no food.


Message History

Your ball python is poisoned.
The adder poisons your ball python!
The orc priest mumbles some strange prayers to Beogh against you.
Pain shoots through your body!
Your ball python bites the adder but does no damage.
Your ball python misses the adder.
The adder closely misses your ball python.
You take 7 damage, and have 12/22 hp.
MASSIVE DAMAGE!!
You now have 10/18 mp.
Unknown command.
You hit the orc priest.
The orc priest is poisoned.
The orc priest is moderately wounded.
Your ball python dies!
The orc priest hits your ball python with a flail!
Your ball python dies!
The orc priest mumbles some strange prayers to Beogh against you.
Pain shoots through your body!
Ouch! That really hurt!
You die...

.. .###########(...
.........oog.... #..S@##
#...##..## . #.. ##.
##..## # #. #.# # ##..# #
#. #.## ##..## # #..#..##
##....# ## #.#...##
##..##.# .###...#..##
##..###...
..####.....###....$.....#


You could see an orc priest, an adder, an orc and a goblin.

Vanquished Creatures
  An adder (D:3)
  An ooze (D:3)
  A worm (D:2)
  An orc (D:3)
  A ball python (D:1)
  2 giant cockroaches
  6 hobgoblins
  4 kobolds
  7 bats
  A giant gecko (D:1)
  5 goblins
  9 rats
39 creatures vanquished.

Vanquished Creatures (collateral kills)
  Crazy Yiuf (D:2)
1 creature vanquished.

Grand Total: 40 creatures vanquished

Notes
Turn   | Place    | Note
--------------------------------------------------------------
     0 | D:1      | Goblin1989 the Spriggan Transmuter began the quest for the Orb.
     0 | D:1      | Reached XP level 1. HP: 9/9 MP: 5/5
   185 | D:1      | Reached XP level 2. HP: 9/14 MP: 6/6
   428 | D:1      | Learned a level 2 spell: Sticks to Snakes
   980 | D:2      | Reached XP level 3. HP: 15/17 MP: 8/8
  1026 | D:2      | Noticed Crazy Yiuf
  1052 | D:2      | Killed Crazy Yiuf
  1052 | D:2      | Reached skill level 1 in Fighting
  1188 | D:2      | Found a white marble altar of Elyvilon.
  1291 | D:2      | Reached skill level 1 in Stealth
  1459 | D:3      | Reached XP level 4. HP: 19/22 MP: 9/9
  1461 | D:3      | Killed from afar by an orc priest

Action                   |  1- 3 |  4- 6 || total
-------------------------+-------+-------++-------
Melee: Unarmed           |    40 |       ||    40
       Whip              |    51 |       ||    51
       Dagger            |    36 |       ||    36
       Quarterstaff      |    15 |     1 ||    16
Throw: Stone             |    27 |       ||    27
 Cast: Beastly Appendage |     4 |       ||     4
       Sticks to Snakes  |    11 |     1 ||    12
 Stab: Sleeping          |     4 |       ||     4
